 Dungeon Crawl Stone Soup version 0.19.1 (webtiles) character file.

17097 Gargoyl the Cleaver (level 12, -2/103 HPs)
             Began as a Ghoul Abyssal Knight on Dec 12, 2016.
             Was an Elder of Lugonu.
             Slain by a fire elemental (9 damage)
             ... summoned by a deep elf mage
             ... on level 14 of the Dungeon.
             The game lasted 00:31:20 (13279 turns).

Gargoyl the Cleaver (Ghoul Abyssal Knight)         Turns: 13279, Time: 00:31:20

Health: -2/103     AC: 31    Str: 19    XL:     12   Next: 44%
Magic:  18/18      EV: 12    Int:  7    God:    Lugonu [****..]
Gold:   176        SH:  4    Dex: 10    Spells: 0 memorised, 11 levels left

rFire  . . .     SeeInvis .     F - +1 broad axe
rCold  + . .     Gourm    .     d - +3 chain mail {rPois}
rNeg   + + +     Faith    .     j - +0 buckler
rPois  ∞         Spirit   .     A - +1 helmet
rElec  .         Reflect  .     o - +2 cloak
rCorr  .         Harm     .     n - +2 pair of gloves
MR     .....                    G - +0 pair of boots
Stlth  ..........               (no amulet)
                                g - +3 ring of evasion
                                u - +6 ring of protection

@: rotting
A: rotting body, claws 1, carnivore 3, cold resistance 1, negative energy
resistance 3, slow regeneration 1, torment resistance, unbreathing
a: Depart the Abyss, Bend Space, Banish, Corrupt, Renounce Religion


You were on level 14 of the Dungeon.
You worshipped Lugonu.
Lugonu was greatly pleased with you.
You were not hungry.

You visited 1 branch of the dungeon, and saw 13 of its levels.
You visited the Abyss 1 time.
You visited 1 bazaar.

You collected 687 gold pieces.
You spent 511 gold pieces at shops.

Inventory:

Hand Weapons
 e - a +0 war axe
 D - a cursed +2 hand axe
 F - a +1 broad axe (weapon)
 N - a +3 spear
Missiles
 J - 4 tomahawks of returning (quivered)
Armour
 d - a +3 chain mail of poison resistance (worn)
 j - a +0 buckler (worn)
 n - a +2 pair of gloves (worn)
 o - a +2 cloak (worn)
 A - a +1 helmet (worn)
 G - a +0 pair of boots (worn)
Jewellery
 b - an uncursed ring of protection from fire {unknown}
 g - a +3 ring of evasion (right hand)
 u - a +6 ring of protection (left hand)
Wands
 m - a wand of disintegration (5/24)
 p - a wand of lightning (8/15)
 y - a wand of lightning (8/15)
 E - a wand of flame (30/48)
Scrolls
 f - 4 scrolls of recharging
 h - a scroll of fear
 v - 2 scrolls of teleportation
 C - a scroll of magic mapping
 M - 2 scrolls of vulnerability
Potions
 k - 2 potions of magic
 s - 2 potions of resistance
 t - a potion of berserk rage
 z - a potion of invisibility
 B - 3 potions of flight
 I - 4 potions of brilliance
 L - a potion of agility
Books
 i - a book of Enchantments

   Spells                             Type                      Level
   a - Cause Fear                     Hexes                        4
   b - Yara's Violent Unravelling     Hexes/Transmutation          5
   c - Silence                        Hexes/Air                    5
   d - Deflect Missiles               Charms/Air                   6
   e - Discord                        Hexes                        8
 q - a book of Cantrips

   Spells                             Type                      Level
   a - Confusing Touch                Hexes                        1
   b - Animate Skeleton               Necromancy                   1
   c - Summon Small Mammal            Summoning                    1
   d - Apportation                    Translocation                1
Comestibles
 c - 6 meat rations
 r - 9 slices of pizza


   Skills:
 + Level 8.5 Fighting
 + Level 11.3 Axes
 + Level 0.5 Throwing
 * Level 9.2 Armour
 + Level 3.2 Dodging
 + Level 4.1 Shields
 * Level 9.4 Invocations


You had 11 spell levels left.
You didn't know any spells.

Dungeon Overview and Level Annotations

Branches:
Dungeon (15/15)            Temple (0/1) D:7            Lair (0/6) D:11
    Orc (0/2) D:11
 Vaults: D:13-14     Depths: D:15

Altars:
Ashenzari
Cheibriados
Dithmenos
Gozag
Nemelex Xobeh
Okawaru
Qazlal
Ru
Yredelemnul
Beogh

Shops:
D:6 =


Innate Abilities, Weirdness & Mutations

Your body is rotting away.
You thrive on raw meat.
You are immune to poison.
You have sharp fingernails.
You are carnivorous and can eat meat at any time.
Your flesh is cold resistant. (rC+)
You are immune to negative energy. (rN+++)
You regenerate slowly when monsters are visible.
You are immune to unholy pain and torment.
You can survive without breathing.


Message History

You closely miss the orc. You slash the fire elemental!
The earth elemental disappears in a puff of smoke!
The deep elf mage hits you but does no damage.
The fire elemental closely misses you. The orc barely misses you.
Unknown command.
You slash the deep elf mage!
The deep elf mage is severely wounded.
You slash the fire elemental! You hit the orc. The fire elemental hits you.
The fire elemental burns you!
* * * LOW HITPOINT WARNING * * *
The deep elf mage hits you but does no damage.
You block the orc's attack.
The deep elf mage casts a spell.
The deep elf mage blinks!
The fire elemental closely misses you.
You closely miss the deep elf mage.
The deep elf mage is severely wounded.
You closely miss the fire elemental. You hit the orc.
The deep elf mage hits you but does no damage.
The fire elemental hits you. The fire elemental burns you!
You die...

#..........# #########..#
##..... . #..######..... .#
#..........e. ..##.
#.#######...##..... #######
#.# #.E....... #.#...###.#
##............
.#........#######E.§.o........
# ###.......).))..@ezE.§#
#.... #
.#.#.############o..E.# #....
# #..#.# ###...# #.%...#
#..#.# #...# #.....# #..#.#
#...# #...... #..#.#
##...##>##....## #..#.#
###########............ #
#..#.#
#....................... #
#..#.# #.#######.#..........
..


You could see a skeletal warrior, 3 earth elementals, 2 deep elf magi, a fire
elemental, an orc warrior and an orc.

Vanquished Creatures
  Erolcha (D:11)
  A skeletal warrior (D:11)
  2 hill giants
  4 deep elf magi (D:14)
  3 ugly things
  A manticore (D:14)
  A gargoyle (D:14)
  A kobold demonologist (D:14)
  A tengu conjurer (D:10)
  A two-headed ogre (D:14)
  A troll (D:11)
  6 hippogriffs
  4 hogs
  A human (D:6)
  A wraith (D:10)
  3 hungry ghosts
  A mottled dragon (D:11)
  3 water moccasins
  Duvessa (D:6)
  A hell hound (D:11)
  2 ice beasts (D:11)
  9 orc warriors
  2 phantoms
  A sky beast (D:6)
  A black bear (D:9)
  5 ogres
  5 centaurs
  2 crocodiles
  7 bullfrogs
  Dowan (D:6)
  4 scorpions
  A water moccasin skeleton (D:6)
  14 wights
  3 killer bees (D:8)
  2 howler monkeys (D:8)
  4 crimson imps
  4 bullfrog zombies
  6 hounds
  3 centaur skeletons
  6 orc priests
  A jelly (D:7)
  8 orc wizards
  A bullfrog skeleton (D:7)
  4 iguanas
  7 worker ants
  A hound zombie (D:7)
  A hound skeleton (D:9)
  A worker ant zombie (D:9)
  11 gnolls
  11 adders
  3 shadow imps
  3 oozes
  2 adder skeletons
  5 worms
  3 dart slugs
  8 leopard geckos
  52 orcs
  7 bats
  7 giant cockroaches
  20 goblins
  8 hobgoblins
  14 jackals
  A quokka (D:6)
  3 ball pythons
  3 frilled lizards
  4 kobolds
  2 quokka skeletons
  A quokka zombie (D:5)
  14 rats
326 creatures vanquished.

Vanquished Creatures (others)
  A catoblepas (D:14)
  An unseen horror (D:11)
  2 ugly things
  3 crimson imps (D:5)
7 creatures vanquished.

Grand Total: 333 creatures vanquished

Notes
Turn   | Place    | Note
-------+----------+-------------------------------------------
     0 | Abyss:1  | Gargoyl the Ghoul Abyssal Knight began the quest for the Orb.
     0 | Abyss:1  | Reached XP level 1. HP: 19/19 MP: 1/1
    46 | Abyss:2  | Found a corrupted altar of Lugonu.
    50 | Abyss:2  | Noticed a smoke demon
    51 | Abyss:2  | Noticed a large abomination
    51 | D:1      | Escaped the Abyss
   177 | D:1      | Reached skill level 1 in Dodging
   216 | D:1      | Reached XP level 2. HP: 26/26 MP: 2/2
   239 | D:1      | Reached * piety under Lugonu
   445 | D:1      | Reached skill level 2 in Axes
   523 | D:1      | Reached XP level 3. HP: 33/33 MP: 3/3
   924 | D:2      | Found a faded altar of an unknown god.
  1062 | D:2      | Reached ** piety under Lugonu
  1127 | D:2      | Reached XP level 4. HP: 39/40 MP: 4/4
  2000 | D:3      | Reached XP level 5. HP: 41/46 MP: 5/5
  2045 | D:3      | Reached skill level 3 in Axes
  2297 | D:4      | Reached skill level 1 in Shields
  2405 | D:4      | Found a shattered altar of Ashenzari.
  2406 | D:4      | Found a stormy altar of Qazlal.
  2407 | D:4      | Found a snail-covered altar of Cheibriados.
  2419 | D:4      | Reached XP level 6. HP: 44/52 MP: 7/7
  2420 | D:4      | Found an iron altar of Okawaru.
  2448 | D:4      | Found a sparkling altar of Nemelex Xobeh.
  2528 | D:4      | You fall through a shaft!
  2528 | D:5      | Entered Level 5 of the Dungeon
  2940 | D:5      | Noticed a hippogriff
  2970 | D:4      | Reached skill level 4 in Axes
  2970 | D:4      | Reached XP level 7. HP: 39/60 MP: 8/8
  3420 | D:4      | Reached *** piety under Lugonu
  3608 | D:5      | Killed a hippogriff
  3707 | D:5      | Reached skill level 5 in Axes
  3707 | D:5      | Reached XP level 8. HP: 60/67 MP: 9/9
  4044 | D:5      | Noticed a hippogriff
  4070 | D:5      | Killed a hippogriff
  4070 | D:5      | Reached skill level 5 in Fighting
  4194 | D:5      | Reached skill level 5 in Armour
  4890 | D:6      | Noticed Dowan
  4892 | D:6      | Noticed Duvessa
  4911 | D:6      | Killed Duvessa
  4922 | D:6      | Killed Dowan
  4969 | D:6      | Found a stormy altar of Qazlal.
  5013 | D:6      | Reached skill level 6 in Axes
  5013 | D:6      | Reached XP level 9. HP: 70/74 MP: 11/11
  5041 | D:6      | Reached skill level 5 in Invocations
  5159 | D:6      | Found Umnumom's Jewellery Shoppe.
  5165 | D:6      | Bought a +3 ring of evasion for 231 gold pieces
  5864 | D:7      | Found a staircase to the Ecumenical Temple.
  6314 | D:6      | Reached skill level 7 in Axes
  6330 | D:6      | Reached **** piety under Lugonu
  6982 | D:7      | Found a shadowy altar of Dithmenos.
  6982 | D:7      | Found a basalt altar of Yredelemnul.
  7032 | D:7      | Reached XP level 10. HP: 83/83 MP: 13/13
  7711 | D:8      | Reached skill level 8 in Axes
  7738 | D:8      | Found an opulent altar of Gozag.
  8245 | D:9      | Found a sacrificial altar of Ru.
  8529 | D:9      | Reached ***** piety under Lugonu
  8721 | D:10     | Entered Level 10 of the Dungeon
  8980 | D:10     | Found a roughly hewn altar of Beogh.
  9133 | D:10     | Reached skill level 9 in Axes
  9406 | D:10     | Reached XP level 11. HP: 44/92 MP: 15/15
  9677 | D:10     | Noticed a hill giant
  9688 | D:10     | Killed a hill giant
 10347 | D:11     | Found a flickering gateway to a bazaar.
 10356 | Bazaar   | Entered a bazaar
 10360 | Bazaar   | Found Nuxteps's Jewellery Emporium.
 10368 | Bazaar   | Found Ozoafia's Gadget Shop.
 10409 | Bazaar   | Found Anecedas's Book Shoppe.
 10417 | Bazaar   | Found Mesheis's Distillery.
 10447 | Bazaar   | Bought a potion of curing for 42 gold pieces
 10447 | Bazaar   | Bought a potion of resistance for 140 gold pieces
 10447 | Bazaar   | Bought a potion of agility for 56 gold pieces
 10447 | Bazaar   | Bought a potion of curing for 42 gold pieces
 10491 | D:11     | Reached skill level 10 in Axes
 10591 | D:11     | Found a staircase to the Orcish Mines.
 10610 | D:11     | Noticed a green ugly thing
 10628 | D:11     | Killed a green ugly thing
 10825 | D:11     | Noticed a skeletal warrior
 10826 | D:11     | Noticed a skeletal warrior
 10871 | D:11     | Killed a skeletal warrior
 10992 | D:11     | Found a staircase to the Lair.
 11015 | D:11     | Noticed Erolcha
 11032 | D:11     | Killed Erolcha
 11050 | D:11     | Noticed a purple ugly thing
 11070 | D:11     | Killed a purple ugly thing
 11117 | D:11     | Banished an unseen horror
 11456 | D:11     | Noticed a skeletal warrior
 11515 | D:11     | You fall through a shaft for 3 floors!
 11933 | D:14     | Noticed a manticore
 11940 | D:14     | Killed a manticore
 11940 | D:14     | Reached XP level 12. HP: 58/100 MP: 17/17
 11989 | D:14     | Noticed a soul eater
 12005 | D:15     | Entered Level 15 of the Dungeon
 12308 | D:15     | Reached skill level 11 in Axes
 13140 | D:14     | Noticed a catoblepas
 13150 | D:14     | Banished a catoblepas
 13172 | D:14     | Noticed a soul eater
 13279 | D:14     | Slain by a fire elemental

Skill      XL: |  1  2  3  4  5  6  7  8  9 10 11 12 |
---------------+-------------------------------------+-----
Dodging        | 1 2 3 |  3.2
Armour         | 2 3 4 5 6 7 8 9 |  9.2
Axes           | 2 3 4 5 6 7 9 10 11 | 11.3
Fighting       | 4 5 6 7 8 |  8.5
Shields        | 1 2 3 4 |  4.1
Invocations    | 3 4 6 7 8 9 |  9.4
Throwing       | |  0.5

Action                   |  1- 3 |  4- 6 |  7- 9 | 10-12 || total
-------------------------+-------+-------+-------+-------++-------
Melee: Hand axe          |   139 |   241 |   350 |       ||   730
       War axe           |       |       |   343 |       ||   343
       Broad axe         |       |       |     4 |   864 ||   868
Throw: Tomahawk          |       |       |       |     3 ||     3
Invok: Depart the Abyss  |     1 |       |       |       ||     1
       Bend Space        |       |     2 |       |       ||     2
       Banish            |       |       |     3 |    12 ||    15
  Use: Scroll            |     3 |     4 |     9 |    18 ||    34
       Potion            |       |     1 |     2 |     8 ||    11
  Eat: Chunk             |    11 |    14 |    39 |    63 ||   127
       Meat ration       |       |     2 |       |     1 ||     3
       Beef jerky        |       |       |       |     3 ||     3
       Royal jelly       |       |       |       |     2 ||     2
Armor: Chain mail        |   117 |   152 |   564 |   645 ||  1478
Dodge: Dodged            |    50 |    63 |   283 |   481 ||   877
Block: Buckler           |    18 |    26 |   130 |   211 ||   385
